 Dungeon Crawl Stone Soup version 0.13-a0-2606-g170388b (webtiles) character file.

283 Kae the Cudgeler (level 4, -2/39 HPs)
             Began as a Minotaur Berserker on Aug 4, 2013.
             Was a Priest of Trog.
             Killed from afar by an orc wizard (11 damage)
             ... with a puff of flame
             ... on Level 3 of the Dungeon.
             The game lasted 00:02:06 (1799 turns).

Kae the Cudgeler (Minotaur Berserker)               Turns: 1799, Time: 00:02:06

HP  -2/39        AC  2     Str 21      XL: 4   Next: 41%
MP   1/1         EV 12     Int  5      God: Trog [***...]
Gold 187         SH  0     Dex  8 (10) Spells:  0 memorised,  3 levels left

Res.Fire  : . . .   See Invis. : .   a - +0 mace
Res.Cold  : . . .   Warding    : .   b - +0 animal skin
Life Prot.: . . .   Conserve   : .   (no shield)
Res.Poison: .       Res.Corr.  : .   (helmet restricted)
Res.Elec. : .       Clarity    : .   (no cloak)
Sust.Abil.: . .     Spirit.Shd : .   (no gloves)
Res.Mut.  : .       Stasis     : .   (no boots)
Res.Rott. : .       Flight     : .   (no amulet)
Saprovore : . . .                    (no ring)
                                     (no ring)

@: slightly resistant to hostile enchantments, very unstealthy
A: retaliatory headbutt, horns 2
a: Burn Spellbooks, Berserk, Trog's Hand, Renounce Religion


You were on level 3 of the Dungeon.
You worshipped Trog.
Trog was greatly pleased with you.
You were not hungry.

You visited 1 branch of the dungeon, and saw 3 of its levels.

You collected 167 gold pieces.

Inventory:

Hand weapons
 a - a +0,+0 mace (weapon)
Armour
 b - a +0 animal skin (worn)
Comestibles
 c - 5 bread rations
 g - an apple
 p - a meat ration
 r - a rotting chunk of giant cockroach flesh
 s - a chunk of worm flesh
Scrolls
 d - a scroll of recharging {unknown}
 e - a scroll of curse armour {unknown}
 h - a scroll of teleportation {unknown}
 i - a scroll of amnesia {unknown}
 j - a scroll of identify {unknown}
 n - a scroll of remove curse {unknown}
 o - a scroll of curse jewellery {unknown}
Jewellery
 k - an uncursed ring of ice
 l - an uncursed ring of magical power
 q - an uncursed amulet of guardian spirit {unknown}
Potions
 f - a potion of slowing
 m - a potion of heal wounds


   Skills:
 - Level 3.6 Fighting
 + Level 6.3 Maces & Flails
 - Level 2.4 Armour
 - Level 2.1 Dodging


You had 3 spell levels left.
You didn't know any spells.

Dungeon Overview and Level Annotations

Branches:
Dungeon (3/27)

Altars:


Innate Abilities, Weirdness & Mutations

You reflexively headbutt those who attack you in melee.
You have a pair of horns on your head.


Message History

The orc wizard is almost dead.
The orc wizard hits you with an orcish dagger.
You hit the orc wizard but do no damage.
Your headbutt misses the orc wizard.
The orc wizard is almost dead.
The orc wizard mumbles some strange words.
The orc wizard flickers and vanishes!
Deactivating autopickup; reactivate with Ctrl-A.
It hits you.
You closely miss it. It hits you but does no damage.
It hits you but does no damage.
You closely miss it. It hits you but does no damage.
You hit it but do no damage. It hits you. It hits you.
* * * LOW HITPOINT WARNING * * *
Unknown command.
You closely miss it.
You hear some strange, mumbled words.
A puff of flame appears from out of thin air!
The puff of flame hits you!
You die...

... ... #.# #K....
#.# #...... #.#
#.......
#.####.#######
#..#.#..#
#............#
###........
######.#####.#
#......#... ##.##
#.#######)..........
#...#
#(..(@)o....%.......
#.<.#
#########......<....
#...# #..<..###.#
##.## ###.#.# #.#
#.#.# #.# #.#.#
#.###### #.# #
#......# #.#
######.######## #.#


You could see an orc.

Vanquished Creatures
  An adder (D:3)
  A giant mite (D:1)
  2 worms
  An ooze (D:2)
  An orc (D:3)
  4 bats
  6 giant cockroaches
  6 goblins
  9 hobgoblins
  11 jackals
  5 kobolds
  A ball python (D:2)
  2 giant geckos
  2 giant newts
  6 rats
58 creatures vanquished.

Notes
Turn   | Place    | Note
--------------------------------------------------------------
     0 | D:1      | Kae, the Minotaur Berserker, began the quest for the Orb.
     0 | D:1      | Reached XP level 1. HP: 19/19 MP: 0/0
    61 | D:1      | Reached skill level 4 in Maces & Flails
   197 | D:1      | Reached XP level 2. HP: 9/26 MP: 0/0
   683 | D:1      | Acquired Trog's second power
   811 | D:1      | Reached skill level 5 in Maces & Flails
   885 | D:1      | Reached XP level 3. HP: 16/33 MP: 1/1
  1530 | D:3      | Reached XP level 4. HP: 37/39 MP: 1/1
  1665 | D:3      | Reached skill level 6 in Maces & Flails
  1799 | D:3      | Killed from afar by an orc wizard

Action                   |  1- 3 |  4- 6 || total
-------------------------+-------+-------++-------
Melee: Mace              |    94 |    41 ||   135
Invok: Trog's Hand       |       |     1 ||     1
  Use: Potion            |     5 |     1 ||     6
 Stab: Sleeping          |     1 |       ||     1
